 Dungeon Crawl Stone Soup version 0.18.1-48-g4cf74bf (webtiles) character file.

63 rlgrobin the Conjurer (level 3, -1/19 HPs)
             Began as a Deep Elf Fire Elementalist on Aug 18, 2016.
             Slain by a gnoll (6 damage)
             ... on level 4 of the Dungeon.
             The game lasted 00:09:33 (2055 turns).

rlgrobin the Conjurer (Deep Elf Fire Elementalist)  Turns: 2055, Time: 00:09:34

Health: -1/19      AC:  2    Str:  5    XL:     3   Next: 87%
Magic:  8/9        EV:  7    Int: 20    God:
Gold:   149        SH:  0    Dex: 15    Spells: 2 memorised, 4 levels left

rFire  . . .     SeeInvis .     (no weapon)
rCold  . . .     Gourm    .     a - +0 robe
rNeg   . . .     Faith    .     (no shield)
rPois  .         Spirit   .     (no helmet)
rElec  .         Dismiss  .     (no cloak)
rCorr  .         Reflect  .     i - -1 pair of gloves (curse)
SustAt .         Harm     .     (no boots)
MR     .....                    (no amulet)
Stlth  ++........               (no ring)
                                (no ring)

@: held, not resistant to hostile enchantments, unstealthy
A: no striking features
a: no special abilities


You were on level 4 of the Dungeon.
You were not hungry.

You visited 1 branch of the dungeon, and saw 4 of its levels.

You collected 149 gold pieces.

Inventory:

Armour
 a - a +0 robe (worn)
 i - a cursed -1 pair of gloves (worn)
Jewellery
 l - an uncursed ring of poison resistance {unknown}
Scrolls
 d - a scroll of identify
 e - a scroll of enchant armour {unknown}
 f - 2 scrolls of magic mapping {unknown}
 h - 3 scrolls of remove curse
 j - a scroll of noise {unknown}
 k - a scroll of fear {unknown}
Potions
 g - a potion of haste {unknown}
Books
 b - a book of Flames

   Spells                             Type                      Level
   a - Flame Tongue                   Conjuration/Fire             1
   b - Throw Flame                    Conjuration/Fire             2
   c - Conjure Flame                  Conjuration/Fire             3
   d - Inner Flame                    Hexes/Fire                   3
   e - Sticky Flame                   Conjuration/Fire             4
   f - Fireball                       Conjuration/Fire             5
Comestibles
 c - 3 bread rations
 m - a meat ration


   Skills:
 - Level 2.4 Dodging
 - Level 2.4 Stealth
 - Level 3.0 Spellcasting
 - Level 4.1 Conjurations
 + Level 3.2 Fire Magic


You had 4 spell levels left.
You knew the following spells:

 Your Spells              Type           Power        Failure   Level  Hunger
a - Flame Tongue          Conj/Fire      ###..        3%          1    None
b - Conjure Flame         Conj/Fire      ###.....     12%         3    ###....


Dungeon Overview and Level Annotations

Branches:
Dungeon (4/15)
 Temple: D:4-7

Altars:
Elyvilon
Gozag
Nemelex Xobeh
Pakellas

Annotations:
D:2 exclusions: 3 doors, downstairs, 2 goblins and 2 more exclusions


Message History

The throwing net hits you.
You become entangled in the net!
Casting: Flame Tongue
Confirm with . or Enter, or press ? or * to list all spells.
Okay, then.
You can't do that while held in a net.
You try to slip out of the net.
You try to slip out of the net.
You try to slip out of the net.
The gnoll hits you with a flail.
A gnoll comes into view. It is wielding a halberd.
You struggle against the net.
Read which item? (? for menu, Esc to quit)
As you read the scroll labeled WIBLAU UMUR, it crumbles to dust.
It is a scroll of identify.
Identify which item? (\ to view known items) (? for menu, Esc to quit)
h - 3 scrolls of remove curse The gnoll hits you with a flail!
Ouch! That really hurt!
* * * LOW HITPOINT WARNING * * *
The quokka closely misses you. The gnoll hits you.
You die...

...............
...............
.....$$g.......
.....$_$.......
.$...$$$.......
.......!.......
......gg.......
......?@r......
....[..........
#.#############


You could see 3 gnolls and a quokka.

Vanquished Creatures
  2 adders
  2 worms (D:2)
  2 dart slugs (D:1)
  A ball python (D:2)
  4 bats
  A giant cockroach (D:1)
  3 goblins
  A hobgoblin (D:3)
  4 jackals (D:2)
  7 kobolds
  2 giant newts
  6 rats
35 creatures vanquished.

Notes
Turn   | Place    | Note
--------------------------------------------------------------
     0 | D:1      | rlgrobin the Deep Elf Fire Elementalist began the quest for the Orb.
     0 | D:1      | Reached XP level 1. HP: 10/10 MP: 6/6
   117 | D:1      | Reached skill level 2 in Conjurations
   262 | D:1      | Reached XP level 2. HP: 13/15 MP: 5/8
   809 | D:2      | Reached skill level 3 in Conjurations
   894 | D:2      | Found an oddly glowing altar of Pakellas.
  1119 | D:2      | Reached XP level 3. HP: 9/19 MP: 3/9
  1124 | D:2      | Learned a level 3 spell: Conjure Flame
  1774 | D:3      | Reached skill level 4 in Conjurations
  1824 | D:3      | Found a white marble altar of Elyvilon.
  1825 | D:3      | Found a sparkling altar of Nemelex Xobeh.
  2047 | D:4      | Found an opulent altar of Gozag.
  2055 | D:4      | Slain by a gnoll

Skill      XL: |  1  2  3 |
---------------+----------+-----
Conjurations   | 2 3 4 |  4.1
Dodging        | |  2.4
Stealth        | |  2.4
Spellcasting   | |  3.0
Fire Magic     | |  3.2

Action                   || total
-------------------------++-------
 Cast: Flame Tongue      ||    62
  Use: Scroll            ||     1
  Eat: Chunk             ||     3
Armor: Robe              ||     5
Dodge: Dodged            ||    23
